[ AOE2 MATCH · #463520060 ]
Team RMKoreans vs Franks
[ REPLAY ANALYSIS · EXTRACTED FROM THE RECORDED GAME ]
Feudal
17:26
Castle
37:35
Imperial
—
| APM avg | 28.9 |
| APM peak | 88 |
| eAPM avg | 20.4 |
| Villagers / military | 120 / 93 |
Focus
⚔️ 40.5% · 🌾 59.5%
Archer ×34 · Spearman ×29 · Fire Lancer ×29 · Battering Ram ×1
Feudal
10:24
Castle
23:31
Imperial
36:47
| APM avg | 10.1 |
| APM peak | 30 |
| eAPM avg | 9.3 |
| Villagers / military | 109 / 0 |
Focus
⚔️ 29.9% · 🌾 70.1%
Unknown (2550) ×213
Feudal
14:13
Castle
18:57
Imperial
43:37
| APM avg | 23.3 |
| APM peak | 60 |
| eAPM avg | 12.8 |
| Villagers / military | 121 / 74 |
Focus
⚔️ 18.6% · 🌾 81.4%
Huskarl ×71 · Trebuchet (Packed) ×3
Feudal
11:41
Castle
15:15
Imperial
39:37
| APM avg | 24.7 |
| APM peak | 46 |
| eAPM avg | 13.4 |
| Villagers / military | 98 / 93 |
Focus
⚔️ 35.6% · 🌾 64.4%
Arambai ×59 · Monk ×30 · Militia ×2 · Spearman ×2
Feudal
12:01
Castle
17:38
Imperial
—
| APM avg | 18.7 |
| APM peak | 40 |
| eAPM avg | 10.6 |
| Villagers / military | 56 / 113 |
Focus
⚔️ 34.4% · 🌾 65.6%
Knight ×46 · Spearman ×40 · Skirmisher ×12 · Battering Ram ×8 · Scout Cavalry ×5 · Mangonel ×2
Feudal
12:01
Castle
18:26
Imperial
41:46
| APM avg | 31.6 |
| APM peak | 69 |
| eAPM avg | 18.0 |
| Villagers / military | 148 / 90 |
Focus
⚔️ 25.7% · 🌾 74.3%
Camel Archer ×60 · Battering Ram ×11 · Trebuchet (Packed) ×8 · Mangonel ×4 · Camel Scout ×4 · Monk ×3
Feudal
—
Castle
—
Imperial
—
| APM avg | 19.6 |
| APM peak | 47 |
| eAPM avg | 11.1 |
| Villagers / military | 73 / 35 |
Focus
⚔️ 32.3% · 🌾 67.7%
Woad Raider ×16 · Battering Ram ×12 · Scorpion ×6 · Mangonel ×1
Feudal
17:07
Castle
33:05
Imperial
—
| APM avg | 15.5 |
| APM peak | 64 |
| eAPM avg | 8.3 |
| Villagers / military | 53 / 0 |
Focus
⚔️ 20.3% · 🌾 79.7%
Match map
Initial resources + every placement click. Lines = walls · curves = elevation contours. ◆ gold · ⬟ stone · ● berries · ✦ relic · ◌ wall gap
Inputs per minute
— Rainbow Pirate - - GreenHydra
Build order — Rainbow Pirate
First 150 of 302 actions detected
| 0:02 | Create | Villager (Male) |
| 0:03 | Create | Villager (Male) |
| 0:03 | Create | Villager (Male) |
| 0:06 | Build | House |
| 0:07 | Build | House |
| 0:53 | Research | Loom |
| 1:19 | Create | Villager (Male) |
| 1:19 | Create | Villager (Male) |
| 1:19 | Create | Villager (Male) |
| 2:32 | Create | Villager (Male) |
| 3:07 | Build | Lumber Camp |
| 3:09 | Create | Villager (Male) |
| 3:23 | Create | Villager (Male) |
| 3:24 | Create | Villager (Male) |
| 3:58 | Create | Villager (Male) |
| 3:58 | Create | Villager (Male) |
| 4:26 | Create | Villager (Male) |
| 4:26 | Create | Villager (Male) |
| 4:44 | Build | House |
| 4:59 | Create | Villager (Male) |
| 5:00 | Create | Villager (Male) |
| 5:38 | Build | Mill |
| 5:41 | Create | Villager (Male) |
| 5:41 | Create | Villager (Male) |
| 5:41 | Create | Villager (Male) |
| 6:07 | Build | Palisade Gate |
| 6:14 | Build | Palisade Wall |
| 7:28 | Create | Villager (Male) |
| 7:29 | Create | Villager (Male) |
| 7:29 | Create | Villager (Male) |
| 8:28 | Create | Villager (Male) |
| 8:28 | Create | Villager (Male) |
| 8:44 | Create | Villager (Male) |
| 8:45 | Create | Villager (Male) |
| 10:00 | Create | Villager (Male) |
| 10:00 | Create | Villager (Male) |
| 10:54 | Create | Villager (Male) |
| 10:55 | Create | Villager (Male) |
| 10:59 | Build | Mill |
| 11:22 | Create | Villager (Male) |
| 11:22 | Create | Villager (Male) |
| 11:40 | Build | Mill |
| 11:42 | Create | Villager (Male) |
| 11:58 | Build | Barracks |
| 12:01 | Build | House |
| 12:05 | Create | Villager (Male) |
| 12:05 | Create | Villager (Male) |
| 12:33 | Create | Villager (Male) |
| 13:04 | Create | Villager (Male) |
| 13:19 | Build | House |
| 13:21 | Create | Villager (Male) ×2 |
| 14:01 | Create | Villager (Male) |
| 14:01 | Create | Villager (Male) |
| 14:01 | Create | Villager (Male) |
| 14:58 | Build | Lumber Camp |
| 15:16 | Research | Feudal Age |
| 16:12 | Build | Mining Camp |
| 16:45 | Build | Farm |
| 16:45 | Build | Farm |
| 16:46 | Build | Farm |
| 16:55 | Build | Farm |
| 17:20 | Create | Villager (Male) |
| 17:20 | Create | Villager (Male) |
| 17:26 | Age | Feudal Age |
| 17:34 | Build | Watch Tower |
| 17:48 | Build | Blacksmith |
| 18:19 | Research | Fletching |
| 18:34 | Create | Villager (Male) |
| 18:34 | Create | Villager (Male) |
| 18:34 | Create | Villager (Male) |
| 18:34 | Create | Villager (Male) |
| 18:39 | Build | Watch Tower |
| 18:42 | Create | Villager (Male) |
| 18:42 | Create | Villager (Male) |
| 18:42 | Create | Villager (Male) |
| 19:33 | Build | Farm |
| 20:22 | Build | Archery Range |
| 20:25 | Create | Spearman |
| 20:25 | Create | Spearman |
| 20:25 | Create | Spearman |
| 20:33 | Build | Watch Tower |
| 22:19 | Create | Archer |
| 22:19 | Create | Archer |
| 22:20 | Create | Archer |
| 22:20 | Create | Archer |
| 22:42 | Create | Villager (Male) |
| 22:42 | Create | Villager (Male) |
| 22:42 | Create | Villager (Male) |
| 22:47 | Build | House |
| 22:48 | Build | House |
| 22:48 | Build | House |
| 22:49 | Build | House |
| 22:49 | Build | House |
| 22:50 | Build | House |
| 22:50 | Build | House |
| 23:04 | Create | Archer |
| 23:24 | Create | Archer |
| 23:25 | Create | Archer |
| 23:36 | Create | Villager (Male) |
| 23:36 | Create | Villager (Male) |
| 24:09 | Build | Farm |
| 24:24 | Create | Villager (Male) |
| 24:28 | Create | Archer |
| 24:28 | Create | Archer |
| 24:28 | Create | Archer |
| 25:11 | Build | Watch Tower |
| 25:51 | Create | Villager (Male) |
| 25:51 | Create | Villager (Male) |
| 25:51 | Create | Villager (Male) |
| 25:52 | Create | Villager (Male) |
| 25:56 | Research | Double-Bit Axe |
| 25:59 | Research | Horse Collar |
| 26:01 | Create | Villager (Male) |
| 26:46 | Create | Archer |
| 26:46 | Create | Archer |
| 26:49 | Create | Villager (Male) |
| 26:49 | Create | Villager (Male) |
| 26:53 | Build | Farm |
| 26:53 | Build | Farm |
| 26:53 | Build | Farm |
| 26:54 | Build | Farm |
| 26:54 | Build | Farm |
| 26:54 | Build | Farm |
| 26:56 | Create | Villager (Male) |
| 26:57 | Create | Villager (Male) |
| 27:08 | Build | Watch Tower |
| 27:25 | Create | Villager (Male) |
| 27:25 | Create | Villager (Male) |
| 27:32 | Build | Farm |
| 27:35 | Build | Farm |
| 27:36 | Build | Farm |
| 27:36 | Build | Farm |
| 27:41 | Create | Archer |
| 28:11 | Create | Archer |
| 28:12 | Create | Archer |
| 28:22 | Create | Villager (Male) |
| 28:31 | Research | Gold Mining |
| 28:49 | Create | Archer |
| 29:01 | Build | Market |
| 29:34 | Research | Wheelbarrow |
| 29:37 | Create | Villager (Male) |
| 29:38 | Create | Villager (Male) |
| 29:38 | Create | Villager (Male) |
| 30:11 | Create | Archer |
| 30:11 | Create | Archer |
| 30:11 | Create | Archer |
| 30:12 | Create | Archer |
| 30:14 | Create | Villager (Male) |
| 30:14 | Create | Villager (Male) |
| 30:21 | Build | Mill |
Build order — GreenHydra
First 150 of 247 actions detected
| 0:09 | Build | Settlement |
| 0:11 | Create | Villager (Male) ×4 |
| 1:00 | Research | Loom |
| 1:46 | Create | Villager (Male) |
| 1:47 | Create | Villager (Male) |
| 1:47 | Create | Villager (Male) |
| 2:23 | Create | Villager (Male) |
| 2:43 | Create | Villager (Male) |
| 3:20 | Create | Villager (Male) |
| 3:47 | Build | Settlement |
| 3:56 | Create | Villager (Male) |
| 4:22 | Create | Villager (Male) |
| 4:42 | Create | Villager (Male) |
| 4:42 | Create | Villager (Male) |
| 5:05 | Create | Villager (Male) |
| 5:05 | Create | Villager (Male) |
| 5:06 | Create | Villager (Male) |
| 5:30 | Create | Villager (Male) |
| 5:48 | Create | Villager (Male) |
| 6:08 | Create | Villager (Male) |
| 6:09 | Create | Villager (Male) |
| 7:31 | Create | Villager (Male) |
| 8:14 | Research | Feudal Age |
| 8:14 | Research | Feudal Age |
| 8:14 | Research | Feudal Age |
| 8:31 | Build | Barracks |
| 9:09 | Create | Unit 2550 ×2 |
| 9:29 | Build | House |
| 9:30 | Build | House |
| 10:24 | Age | Feudal Age |
| 10:36 | Research | Arson |
| 10:38 | Research | Tech 1402 |
| 10:42 | Create | Villager (Male) |
| 10:51 | Build | Watch Tower |
| 11:39 | Build | Settlement |
| 11:48 | Create | Villager (Male) |
| 11:55 | Create | Unit 2550 |
| 12:07 | Create | Villager (Male) |
| 12:28 | Create | Unit 2550 |
| 12:56 | Research | Wheelbarrow |
| 13:14 | Create | Unit 2550 |
| 13:46 | Create | Villager (Male) |
| 13:54 | Create | Unit 2550 |
| 14:15 | Build | Farm |
| 14:16 | Build | Farm |
| 14:16 | Build | Farm |
| 14:16 | Build | Farm |
| 14:28 | Create | Unit 2550 |
| 14:52 | Create | Villager (Male) |
| 15:31 | Create | Villager (Male) ×5 |
| 16:23 | Build | Watch Tower |
| 16:46 | Build | Blacksmith |
| 17:25 | Create | Villager (Male) ×5 |
| 17:59 | Build | Farm |
| 18:05 | Build | Farm |
| 18:08 | Build | Farm |
| 18:48 | Build | Farm |
| 18:56 | Build | Farm |
| 19:20 | Build | Farm |
| 19:20 | Build | Farm |
| 19:21 | Build | Farm |
| 19:21 | Build | Farm |
| 19:21 | Build | Farm |
| 19:21 | Build | Farm |
| 19:47 | Build | Farm |
| 19:49 | Build | Farm |
| 20:17 | Build | Market |
| 20:51 | Research | Castle Age |
| 20:51 | Research | Castle Age |
| 21:03 | Research | Double-Bit Axe |
| 21:14 | Build | Settlement |
| 21:28 | Research | Forging |
| 21:29 | Research | Scale Mail Armor |
| 21:38 | Create | Unit 2550 ×2 |
| 21:49 | Create | Unit 2550 |
| 22:18 | Create | Unit 2550 ×3 |
| 23:31 | Age | Castle Age |
| 23:35 | Create | Villager (Male) ×5 |
| 23:58 | Build | Town Center |
| 24:13 | Research | Tech 1351 |
| 24:14 | Research | Squires |
| 24:16 | Create | Unit 2550 ×3 |
| 24:50 | Create | Villager (Male) ×2 |
| 25:13 | Build | Castle |
| 27:07 | Create | Unit 2550 |
| 27:14 | Build | Farm |
| 27:24 | Create | Villager (Male) ×5 |
| 27:34 | Create | Villager (Male) ×5 |
| 27:46 | Research | Bow Saw |
| 28:18 | Create | Unit 2550 |
| 28:52 | Build | Castle |
| 28:55 | Create | Villager (Male) ×5 |
| 29:08 | Build | Settlement |
| 29:22 | Create | Villager (Male) |
| 29:29 | Create | Villager (Male) |
| 29:31 | Build | Farm |
| 29:49 | Create | Villager (Male) |
| 29:56 | Build | Farm |
| 30:05 | Build | Farm |
| 30:06 | Build | Farm |
| 30:07 | Build | Farm |
| 30:07 | Build | Farm |
| 30:07 | Build | Farm |
| 30:23 | Build | Farm |
| 30:31 | Research | Horse Collar |
| 30:39 | Create | Villager (Male) |
| 30:45 | Create | Villager (Male) ×3 |
| 30:45 | Create | Villager (Male) ×3 |
| 30:56 | Build | Farm |
| 30:58 | Build | Farm |
| 31:01 | Build | Farm |
| 31:07 | Build | Farm |
| 31:12 | Build | Farm |
| 31:33 | Build | Farm |
| 31:44 | Research | Hand Cart |
| 31:56 | Build | Farm |
| 32:16 | Build | Barracks |
| 32:36 | Create | Unit 2550 |
| 32:37 | Create | Unit 2550 |
| 32:44 | Build | Settlement |
| 33:27 | Build | Settlement |
| 33:27 | Build | Farm |
| 33:28 | Build | Farm |
| 33:28 | Build | Farm |
| 33:37 | Research | Imperial Age |
| 33:46 | Build | Castle |
| 33:54 | Research | Chain Mail Armor |
| 34:02 | Build | Barracks |
| 34:11 | Create | Unit 2550 |
| 34:11 | Create | Unit 2550 |
| 34:11 | Create | Unit 2550 |
| 34:12 | Create | Unit 2550 |
| 34:21 | Research | Heavy Plow |
| 34:32 | Research | Gold Mining |
| 34:45 | Research | Iron Casting |
| 34:55 | Build | Farm |
| 34:58 | Build | Farm |
| 35:02 | Build | Farm |
| 35:07 | Build | Farm |
| 35:09 | Create | Villager (Male) |
| 35:10 | Create | Villager (Male) |
| 36:34 | Create | Villager (Male) |
| 36:47 | Age | Imperial Age |
| 36:48 | Research | Tech 1352 |
| 36:48 | Research | Tech 1352 |
| 36:48 | Research | Tech 1352 |
| 36:52 | Create | Unit 2550 |
| 36:55 | Create | Unit 2550 ×5 |
| 37:29 | Research | Plate Mail Armor |
| 37:34 | Create | Unit 2550 ×5 |
Build order — TheHatefulN8
First 150 of 294 actions detected
| 0:01 | Create | Villager (Male) |
| 0:01 | Create | Villager (Male) |
| 0:01 | Create | Villager (Male) |
| 0:02 | Create | Villager (Male) |
| 0:02 | Create | Villager (Male) |
| 0:10 | Build | House |
| 0:11 | Build | House |
| 1:08 | Build | Outpost |
| 1:57 | Create | Villager (Male) |
| 2:37 | Build | Lumber Camp |
| 3:02 | Create | Villager (Male) |
| 3:03 | Create | Villager (Male) |
| 3:04 | Create | Villager (Male) |
| 3:04 | Create | Villager (Male) |
| 3:44 | Build | House |
| 4:06 | Create | Villager (Male) |
| 4:33 | Create | Villager (Male) |
| 4:33 | Create | Villager (Male) |
| 5:23 | Create | Villager (Male) |
| 5:23 | Create | Villager (Male) |
| 5:31 | Build | Mining Camp |
| 6:18 | Create | Villager (Male) |
| 6:28 | Build | Mill |
| 6:57 | Create | Villager (Male) ×3 |
| 7:35 | Create | Villager (Male) |
| 7:35 | Create | Villager (Male) |
| 8:03 | Create | Villager (Male) |
| 8:08 | Build | House |
| 8:11 | Build | House |
| 8:14 | Build | House |
| 8:18 | Build | House |
| 8:31 | Create | Villager (Male) |
| 8:31 | Create | Villager (Male) |
| 8:46 | Create | Villager (Male) |
| 8:46 | Create | Villager (Male) |
| 8:52 | Create | Villager (Male) |
| 9:19 | Create | Villager (Male) |
| 10:12 | Build | House |
| 10:44 | Build | Barracks |
| 10:48 | Build | House |
| 10:50 | Build | House |
| 11:04 | Build | House |
| 12:03 | Research | Feudal Age |
| 13:36 | Create | Villager (Male) |
| 13:36 | Create | Villager (Male) |
| 13:37 | Research | Loom |
| 13:39 | Create | Villager (Male) |
| 13:40 | Create | Villager (Male) |
| 14:13 | Age | Feudal Age |
| 14:17 | Build | Archery Range |
| 14:25 | Build | Stable |
| 14:31 | Research | Town Watch |
| 15:20 | Build | Blacksmith |
| 16:17 | Research | Castle Age |
| 16:17 | Research | Castle Age |
| 16:29 | Build | Lumber Camp |
| 16:46 | Build | House |
| 18:06 | Build | House |
| 18:57 | Age | Castle Age |
| 19:02 | Build | Castle |
| 19:18 | Build | Market |
| 19:20 | Create | Villager (Male) |
| 20:06 | Build | Castle |
| 20:48 | Build | Mining Camp |
| 21:20 | Build | Farm |
| 21:21 | Build | Farm |
| 21:21 | Build | Farm |
| 21:22 | Build | Farm |
| 21:22 | Build | Farm |
| 21:22 | Build | Farm |
| 21:22 | Build | Farm |
| 21:55 | Build | Farm |
| 21:55 | Build | Farm |
| 22:01 | Build | Farm |
| 22:01 | Build | Farm |
| 22:02 | Build | Farm |
| 22:10 | Build | Farm |
| 22:42 | Create | Villager (Male) |
| 22:50 | Build | Farm |
| 22:51 | Build | Farm |
| 22:51 | Build | Farm |
| 22:52 | Build | Farm |
| 22:55 | Build | Farm |
| 23:01 | Create | Huskarl |
| 23:01 | Create | Huskarl |
| 23:08 | Create | Villager (Male) |
| 23:08 | Create | Villager (Male) |
| 23:35 | Create | Villager (Male) |
| 24:05 | Create | Villager (Male) |
| 24:05 | Create | Villager (Male) |
| 24:06 | Create | Villager (Male) |
| 24:06 | Create | Villager (Male) |
| 24:20 | Build | University |
| 24:23 | Create | Villager (Male) |
| 24:47 | Create | Villager (Male) |
| 24:47 | Create | Villager (Male) |
| 25:11 | Build | Town Center |
| 25:16 | Create | Villager (Male) ×2 |
| 25:53 | Create | Villager (Male) |
| 25:54 | Create | Villager (Male) |
| 25:54 | Create | Villager (Male) |
| 26:25 | Research | Fletching |
| 26:52 | Create | Villager (Male) ×2 |
| 27:02 | Build | Farm |
| 27:02 | Build | Farm |
| 27:02 | Build | Farm |
| 27:03 | Build | Farm |
| 27:06 | Build | Farm |
| 27:06 | Build | Farm |
| 27:15 | Create | Villager (Male) |
| 27:15 | Create | Villager (Male) |
| 27:37 | Create | Villager (Male) |
| 27:47 | Research | Double-Bit Axe |
| 28:22 | Create | Huskarl |
| 28:34 | Research | Scale Mail Armor |
| 28:46 | Create | Villager (Male) |
| 28:46 | Create | Villager (Male) |
| 28:46 | Create | Villager (Male) |
| 28:47 | Create | Villager (Male) |
| 29:11 | Build | Castle |
| 29:19 | Create | Villager (Male) |
| 29:19 | Create | Villager (Male) |
| 29:20 | Create | Villager (Male) |
| 29:20 | Create | Villager (Male) |
| 29:28 | Create | Villager (Male) |
| 29:32 | Build | Farm |
| 29:33 | Build | Farm |
| 29:33 | Build | Farm |
| 29:35 | Build | Farm |
| 29:36 | Build | Farm |
| 29:37 | Build | Farm |
| 29:38 | Build | Farm |
| 29:45 | Create | Huskarl |
| 30:16 | Create | Huskarl ×4 |
| 30:32 | Research | Horse Collar |
| 30:45 | Research | Squires |
| 30:59 | Research | Gold Mining |
| 31:03 | Build | Farm |
| 31:04 | Build | Farm |
| 31:06 | Build | Farm |
| 31:11 | Build | Farm |
| 31:15 | Create | Villager (Male) |
| 31:23 | Create | Villager (Male) |
| 31:23 | Create | Villager (Male) |
| 31:29 | Create | Huskarl |
| 31:43 | Create | Villager (Male) |
| 31:43 | Create | Villager (Male) |
| 31:44 | Create | Villager (Male) |
| 31:49 | Research | Ballistics |
| 32:02 | Research | Bow Saw |
Build order — lillithadam20
First 150 of 314 actions detected
| 0:02 | Create | Villager (Male) |
| 0:02 | Create | Villager (Male) |
| 0:04 | Build | House |
| 0:09 | Build | House |
| 0:11 | Create | Villager (Male) |
| 0:29 | Create | Villager (Male) |
| 0:29 | Create | Villager (Male) |
| 1:40 | Create | Villager (Male) |
| 1:40 | Create | Villager (Male) |
| 2:16 | Create | Villager (Male) |
| 2:16 | Create | Villager (Male) |
| 2:16 | Create | Villager (Male) |
| 2:42 | Create | Villager (Male) |
| 2:42 | Create | Villager (Male) |
| 3:01 | Create | Villager (Male) |
| 3:01 | Create | Villager (Male) |
| 3:30 | Create | Villager (Male) |
| 3:30 | Create | Villager (Male) |
| 3:30 | Create | Villager (Male) |
| 3:36 | Build | House |
| 3:44 | Create | Villager (Male) |
| 3:44 | Create | Villager (Male) |
| 4:25 | Build | Mill |
| 4:26 | Create | Villager (Male) |
| 4:27 | Create | Villager (Male) |
| 4:55 | Create | Villager (Male) |
| 4:56 | Create | Villager (Male) |
| 4:56 | Create | Villager (Male) |
| 5:08 | Create | Villager (Male) |
| 5:25 | Create | Villager (Male) |
| 5:25 | Create | Villager (Male) |
| 5:52 | Build | House |
| 6:09 | Create | Villager (Male) |
| 6:09 | Create | Villager (Male) |
| 7:34 | Build | House |
| 7:37 | Create | Villager (Male) |
| 7:38 | Create | Villager (Male) |
| 8:05 | Create | Villager (Male) |
| 8:54 | Build | Lumber Camp |
| 9:03 | Research | Loom |
| 9:03 | Research | Loom |
| 9:18 | Research | Feudal Age |
| 9:18 | Research | Feudal Age |
| 10:32 | Build | Farm |
| 10:34 | Build | Farm |
| 10:36 | Build | Farm |
| 11:14 | Create | Villager (Male) |
| 11:15 | Create | Villager (Male) |
| 11:41 | Age | Feudal Age |
| 11:43 | Build | Market |
| 11:47 | Build | Blacksmith |
| 12:35 | Research | Castle Age |
| 12:35 | Research | Castle Age |
| 12:35 | Research | Castle Age |
| 12:42 | Build | Mining Camp |
| 13:25 | Research | Gold Mining |
| 13:25 | Research | Gold Mining |
| 14:49 | Create | Villager (Male) |
| 14:49 | Create | Villager (Male) |
| 15:15 | Age | Castle Age |
| 15:16 | Build | House |
| 15:23 | Build | Monastery |
| 15:53 | Build | Monastery |
| 15:59 | Create | Monk |
| 15:59 | Create | Monk |
| 16:08 | Build | House |
| 16:10 | Create | Villager (Male) |
| 16:10 | Create | Villager (Male) |
| 16:11 | Create | Villager (Male) |
| 16:12 | Create | Villager (Male) |
| 16:15 | Research | Horse Collar |
| 16:15 | Research | Horse Collar |
| 16:24 | Create | Villager (Male) |
| 16:33 | Build | House |
| 16:35 | Build | House |
| 16:43 | Create | Villager (Male) |
| 16:47 | Create | Monk |
| 16:47 | Create | Monk |
| 17:01 | Research | Redemption |
| 17:02 | Research | Redemption |
| 17:02 | Research | Redemption |
| 17:04 | Create | Monk |
| 17:10 | Create | Villager (Male) |
| 17:15 | Build | House |
| 17:17 | Build | House |
| 17:38 | Create | Monk |
| 17:43 | Build | Farm |
| 17:47 | Build | Farm |
| 18:15 | Create | Monk |
| 18:20 | Create | Monk |
| 18:20 | Create | Monk |
| 18:57 | Create | Monk |
| 19:02 | Build | Monastery |
| 19:14 | Create | Monk |
| 19:40 | Create | Monk |
| 19:54 | Create | Monk |
| 20:00 | Build | Monastery |
| 20:01 | Create | Monk |
| 20:02 | Create | Monk |
| 20:53 | Build | Town Center |
| 21:17 | Build | House |
| 21:20 | Build | House |
| 21:22 | Build | Barracks |
| 21:36 | Create | Monk |
| 21:39 | Create | Monk |
| 21:39 | Create | Monk |
| 22:00 | Create | Monk |
| 22:08 | Build | Monastery |
| 22:19 | Build | Farm |
| 22:21 | Create | Villager (Male) |
| 22:21 | Create | Villager (Male) |
| 22:52 | Build | Monastery |
| 22:58 | Research | Fervor |
| 22:58 | Research | Fervor |
| 23:00 | Research | Sanctity |
| 23:00 | Research | Sanctity |
| 23:00 | Research | Sanctity |
| 23:32 | Create | Monk |
| 23:35 | Create | Monk |
| 23:35 | Create | Monk |
| 23:40 | Create | Militia |
| 23:40 | Create | Militia |
| 24:09 | Create | Spearman |
| 24:10 | Create | Spearman |
| 24:24 | Build | Farm |
| 24:27 | Build | Farm |
| 24:31 | Build | Farm |
| 24:34 | Build | Farm |
| 24:35 | Create | Villager (Male) |
| 24:35 | Create | Villager (Male) |
| 24:35 | Create | Villager (Male) |
| 25:11 | Build | Farm |
| 25:30 | Create | Villager (Male) |
| 25:30 | Create | Villager (Male) |
| 26:05 | Create | Villager (Male) |
| 27:34 | Create | Monk |
| 27:34 | Create | Monk |
| 27:37 | Create | Monk |
| 27:37 | Create | Monk |
| 27:54 | Create | Villager (Male) |
| 27:59 | Research | Wheelbarrow |
| 27:59 | Research | Wheelbarrow |
| 27:59 | Research | Wheelbarrow |
| 28:03 | Build | House |
| 28:05 | Build | House |
| 28:06 | Build | House |
| 28:07 | Build | House |
| 28:08 | Build | House |
| 28:16 | Build | Mining Camp |
| 28:21 | Build | Monastery |
Build order — Ivar the Boneless
First 150 of 158 actions detected
| 0:09 | Create | Villager (Male) ×4 |
| 0:09 | Create | Villager (Male) ×4 |
| 0:27 | Build | House |
| 0:30 | Build | House |
| 1:38 | Create | Villager (Male) |
| 1:38 | Create | Villager (Male) |
| 1:39 | Create | Villager (Male) |
| 2:04 | Create | Villager (Male) |
| 2:05 | Create | Villager (Male) |
| 2:44 | Create | Villager (Male) |
| 2:45 | Create | Villager (Male) |
| 2:45 | Create | Villager (Male) |
| 3:12 | Create | Villager (Male) |
| 3:12 | Create | Villager (Male) |
| 3:39 | Create | Villager (Male) |
| 3:39 | Create | Villager (Male) |
| 3:39 | Create | Villager (Male) |
| 4:15 | Create | Villager (Male) |
| 4:15 | Create | Villager (Male) |
| 4:28 | Build | House |
| 4:53 | Build | Mill |
| 4:57 | Create | Villager (Male) |
| 4:57 | Create | Villager (Male) |
| 5:17 | Create | Villager (Male) |
| 5:17 | Create | Villager (Male) |
| 5:33 | Create | Villager (Male) |
| 5:33 | Create | Villager (Male) |
| 6:15 | Build | House |
| 6:46 | Create | Villager (Male) ×3 |
| 6:59 | Build | Mining Camp |
| 7:03 | Create | Villager (Male) |
| 7:46 | Build | Mill |
| 8:33 | Create | Villager (Male) |
| 8:33 | Create | Villager (Male) |
| 9:51 | Research | Feudal Age |
| 9:51 | Research | Feudal Age |
| 9:59 | Build | Lumber Camp |
| 10:10 | Build | Barracks |
| 12:01 | Age | Feudal Age |
| 12:32 | Build | Stable |
| 13:18 | Create | Villager (Male) |
| 13:18 | Create | Villager (Male) |
| 13:18 | Create | Villager (Male) |
| 13:28 | Build | House |
| 13:50 | Build | Blacksmith |
| 14:22 | Create | Villager (Male) |
| 14:52 | Research | Castle Age |
| 14:53 | Research | Castle Age |
| 15:04 | Build | Stable |
| 15:05 | Build | Stable |
| 16:21 | Build | Farm |
| 16:22 | Build | Farm |
| 16:23 | Build | Farm |
| 16:24 | Build | Farm |
| 16:25 | Build | Farm |
| 16:27 | Build | Farm |
| 16:59 | Build | Farm |
| 17:01 | Build | Farm |
| 17:13 | Research | Forging |
| 17:13 | Research | Scale Barding Armor |
| 17:38 | Age | Castle Age |
| 17:47 | Create | Knight ×3 |
| 17:47 | Create | Knight ×3 |
| 17:48 | Create | Knight ×3 |
| 17:57 | Create | Villager (Male) |
| 17:57 | Create | Villager (Male) |
| 18:08 | Build | Farm |
| 18:09 | Build | Farm |
| 18:10 | Build | Farm |
| 18:11 | Build | Farm |
| 18:24 | Build | House |
| 18:29 | Create | Knight |
| 18:29 | Create | Knight |
| 18:57 | Create | Knight |
| 18:57 | Create | Knight |
| 19:06 | Create | Villager (Male) |
| 19:06 | Create | Villager (Male) |
| 19:06 | Create | Villager (Male) |
| 19:34 | Build | Siege Workshop |
| 19:38 | Create | Knight |
| 19:38 | Create | Knight |
| 19:38 | Create | Knight |
| 19:45 | Build | House |
| 19:48 | Create | Villager (Male) ×2 |
| 19:48 | Create | Villager (Male) ×2 |
| 20:02 | Build | Farm |
| 21:03 | Create | Battering Ram |
| 21:06 | Create | Mangonel |
| 21:06 | Create | Mangonel |
| 21:45 | Create | Knight |
| 21:46 | Create | Knight |
| 21:46 | Create | Knight |
| 22:04 | Research | Husbandry |
| 23:04 | Build | Farm |
| 23:42 | Create | Knight ×2 |
| 23:42 | Create | Knight ×2 |
| 24:45 | Create | Knight ×2 |
| 24:46 | Create | Knight ×2 |
| 24:53 | Create | Villager (Male) |
| 24:53 | Create | Villager (Male) |
| 24:54 | Create | Villager (Male) |
| 24:54 | Create | Villager (Male) |
| 25:22 | Create | Scout Cavalry ×5 |
| 25:23 | Create | Knight ×2 |
| 25:23 | Create | Knight ×2 |
| 25:56 | Build | House |
| 25:56 | Build | House |
| 25:57 | Build | House |
| 25:57 | Build | House |
| 25:57 | Build | House |
| 25:58 | Build | House |
| 26:14 | Research | Pikeman (upgrade) |
| 26:16 | Research | Squires |
| 26:36 | Build | House |
| 26:37 | Build | House |
| 26:52 | Create | Villager (Male) |
| 26:52 | Create | Villager (Male) |
| 26:52 | Create | Villager (Male) |
| 26:52 | Create | Villager (Male) |
| 27:01 | Build | Mining Camp |
| 27:12 | Build | Barracks |
| 27:13 | Build | Barracks |
| 27:18 | Build | Archery Range |
| 27:54 | Create | Battering Ram |
| 27:54 | Create | Battering Ram |
| 28:18 | Create | Knight |
| 28:47 | Create | Skirmisher ×5 |
| 28:47 | Create | Skirmisher ×5 |
| 29:02 | Create | Spearman ×5 |
| 29:02 | Create | Spearman ×5 |
| 29:02 | Create | Spearman ×5 |
| 29:03 | Create | Spearman ×5 |
| 29:31 | Create | Knight ×2 |
| 29:31 | Create | Knight ×2 |
| 30:22 | Create | Battering Ram |
| 30:22 | Create | Battering Ram |
| 30:42 | Create | Battering Ram |
| 31:11 | Build | House |
| 31:16 | Create | Knight ×3 |
| 31:16 | Create | Knight ×3 |
| 32:55 | Create | Spearman ×5 |
| 32:55 | Create | Spearman ×5 |
| 32:59 | Create | Knight ×4 |
| 33:18 | Create | Battering Ram |
| 33:18 | Create | Battering Ram |
| 33:50 | Build | Farm |
| 34:28 | Build | House |
| 34:29 | Build | House |
| 35:10 | Build | Farm |
| 36:04 | Create | Spearman ×5 |
Build order — ramis7_7
First 150 of 383 actions detected
| 0:04 | Create | Villager (Male) |
| 0:04 | Create | Villager (Male) |
| 0:05 | Build | House |
| 0:08 | Build | House |
| 0:21 | Create | Villager (Male) |
| 0:21 | Create | Villager (Male) |
| 1:56 | Create | Villager (Male) |
| 1:56 | Create | Villager (Male) |
| 2:18 | Create | Villager (Male) |
| 2:18 | Create | Villager (Male) |
| 2:45 | Build | Lumber Camp |
| 3:07 | Create | Villager (Male) |
| 3:07 | Create | Villager (Male) |
| 3:07 | Create | Villager (Male) |
| 3:42 | Create | Villager (Male) |
| 3:42 | Create | Villager (Male) |
| 3:48 | Build | House |
| 3:50 | Build | House |
| 3:55 | Create | Villager (Male) |
| 3:55 | Create | Villager (Male) |
| 4:49 | Create | Villager (Male) |
| 4:50 | Create | Villager (Male) |
| 5:10 | Build | Mill |
| 5:15 | Create | Villager (Male) |
| 5:15 | Create | Villager (Male) |
| 5:43 | Create | Villager (Male) |
| 6:09 | Create | Villager (Male) |
| 6:09 | Create | Villager (Male) |
| 6:32 | Create | Villager (Male) |
| 6:43 | Build | Mill |
| 6:49 | Build | Mill |
| 6:52 | Create | Villager (Male) |
| 7:17 | Create | Villager (Male) |
| 7:23 | Create | Villager (Male) |
| 8:09 | Build | Farm |
| 8:21 | Build | House |
| 8:27 | Create | Villager (Male) |
| 8:40 | Create | Villager (Male) |
| 9:15 | Build | Barracks |
| 9:24 | Research | Loom |
| 9:27 | Research | Feudal Age |
| 9:55 | Build | House |
| 10:14 | Create | Villager (Male) |
| 10:14 | Create | Villager (Male) |
| 10:46 | Build | Mining Camp |
| 12:01 | Age | Feudal Age |
| 12:05 | Research | Double-Bit Axe |
| 12:07 | Research | Horse Collar |
| 12:15 | Build | Archery Range |
| 12:39 | Create | Villager (Male) |
| 12:42 | Create | Villager (Male) |
| 12:42 | Create | Villager (Male) |
| 13:21 | Build | Lumber Camp |
| 13:25 | Build | Farm |
| 13:28 | Create | Villager (Male) |
| 13:43 | Build | House |
| 13:48 | Create | Villager (Male) |
| 14:32 | Create | Villager (Male) |
| 14:32 | Create | Villager (Male) |
| 14:40 | Build | Blacksmith |
| 15:03 | Build | Mining Camp |
| 15:10 | Build | House |
| 15:29 | Research | Castle Age |
| 15:31 | Research | Gold Mining |
| 15:32 | Research | Stone Mining |
| 15:41 | Research | Stone Mining |
| 16:01 | Build | Farm |
| 17:23 | Research | Fletching |
| 17:51 | Create | Villager (Male) |
| 17:51 | Create | Villager (Male) |
| 17:51 | Create | Villager (Male) |
| 17:52 | Create | Villager (Male) |
| 18:26 | Age | Castle Age |
| 18:27 | Research | Bow Saw |
| 18:27 | Research | Bow Saw |
| 18:48 | Build | Monastery |
| 18:53 | Research | Bodkin Arrow |
| 18:58 | Build | Farm |
| 19:12 | Build | House |
| 19:13 | Build | House |
| 19:15 | Build | House |
| 19:18 | Build | Palisade Wall |
| 19:19 | Build | House |
| 19:21 | Build | Palisade Wall |
| 19:35 | Create | Villager (Male) |
| 20:13 | Build | Castle |
| 20:17 | Create | Monk |
| 20:17 | Create | Monk |
| 20:24 | Create | Villager (Male) |
| 20:29 | Build | Farm |
| 20:31 | Build | Farm |
| 20:34 | Research | Padded Archer Armor |
| 21:15 | Create | Villager (Male) |
| 21:15 | Create | Villager (Male) |
| 21:15 | Create | Villager (Male) |
| 21:16 | Create | Villager (Male) |
| 21:28 | Create | Monk |
| 21:32 | Create | Villager (Male) |
| 21:32 | Create | Villager (Male) |
| 21:57 | Create | Villager (Male) |
| 21:59 | Build | Farm |
| 22:47 | Build | Castle |
| 22:51 | Build | Siege Workshop |
| 22:55 | Create | Villager (Male) |
| 22:55 | Create | Villager (Male) |
| 22:57 | Create | Villager (Male) |
| 23:00 | Build | Farm |
| 23:01 | Build | Farm |
| 23:19 | Create | Mangonel |
| 23:22 | Create | Mangonel |
| 24:34 | Build | Mining Camp |
| 25:05 | Create | Villager (Male) |
| 25:05 | Create | Villager (Male) |
| 25:05 | Create | Villager (Male) |
| 25:07 | Create | Villager (Male) |
| 25:08 | Create | Villager (Male) |
| 25:08 | Create | Villager (Male) |
| 25:09 | Build | Farm |
| 25:10 | Create | Villager (Male) |
| 25:16 | Build | House |
| 25:16 | Build | House |
| 25:17 | Build | House |
| 25:58 | Create | Camel Archer |
| 25:58 | Create | Camel Archer |
| 25:58 | Create | Camel Archer |
| 26:01 | Create | Camel Archer |
| 26:05 | Create | Battering Ram |
| 26:10 | Create | Villager (Male) |
| 26:10 | Create | Villager (Male) |
| 26:16 | Research | Gold Shaft Mining |
| 26:34 | Research | Leather Archer Armor |
| 26:37 | Build | Stable |
| 26:46 | Create | Camel Archer |
| 26:46 | Create | Camel Archer |
| 27:03 | Create | Battering Ram |
| 27:03 | Create | Battering Ram |
| 27:34 | Research | Scale Barding Armor |
| 27:48 | Create | Camel Archer |
| 27:55 | Research | Bloodlines |
| 27:55 | Research | Husbandry |
| 28:09 | Create | Battering Ram |
| 28:23 | Build | Farm |
| 28:24 | Build | Farm |
| 28:32 | Build | University |
| 29:32 | Create | Camel Archer |
| 29:33 | Create | Camel Archer |
| 29:50 | Create | Camel Archer |
| 30:12 | Research | Ballistics |
| 30:16 | Create | Villager (Male) |
| 30:16 | Create | Villager (Male) |
Build order — tikymax
First 150 of 169 actions detected
| 0:02 | Create | Villager (Male) ×4 |
| 0:02 | Create | Villager (Male) ×4 |
| 0:03 | Build | House |
| 0:05 | Build | House |
| 1:36 | Create | Villager (Male) |
| 1:37 | Create | Villager (Male) |
| 2:02 | Build | Lumber Camp |
| 2:14 | Create | Villager (Male) |
| 2:14 | Create | Villager (Male) ×2 |
| 2:14 | Create | Villager (Male) |
| 2:43 | Create | Villager (Male) |
| 2:43 | Create | Villager (Male) |
| 3:15 | Build | House |
| 3:27 | Build | House |
| 4:02 | Create | Villager (Male) ×3 |
| 4:02 | Create | Villager (Male) ×3 |
| 4:37 | Create | Villager (Male) |
| 5:16 | Build | Mill |
| 5:26 | Create | Villager (Male) |
| 5:43 | Create | Villager (Male) |
| 5:57 | Create | Villager (Male) |
| 6:13 | Create | Villager (Male) |
| 6:34 | Create | Villager (Male) |
| 7:30 | Create | Villager (Male) |
| 7:39 | Create | Villager (Male) |
| 8:11 | Build | House |
| 8:18 | Build | Mining Camp |
| 8:37 | Research | Loom |
| 8:38 | Research | Feudal Age |
| 10:47 | Create | Villager (Male) |
| 10:48 | Create | Villager (Male) |
| 11:00 | Build | Market |
| 11:05 | Build | Blacksmith |
| 11:41 | Research | Loom |
| 11:57 | Research | Castle Age |
| 11:57 | Research | Castle Age |
| 12:05 | Research | Loom |
| 13:07 | Build | Barracks |
| 13:35 | Research | Horse Collar |
| 13:37 | Research | Double-Bit Axe |
| 14:44 | Build | Siege Workshop |
| 14:48 | Create | Villager (Male) |
| 15:06 | Create | Villager (Male) |
| 15:48 | Create | Mangonel |
| 15:53 | Build | House |
| 16:00 | Create | Battering Ram |
| 16:13 | Create | Scorpion |
| 16:23 | Create | Villager (Male) |
| 16:44 | Create | Scorpion |
| 17:04 | Build | Farm |
| 17:06 | Create | Villager (Male) |
| 17:54 | Create | Scorpion |
| 17:58 | Build | Farm |
| 18:05 | Build | House |
| 18:31 | Create | Scorpion |
| 19:54 | Create | Battering Ram |
| 19:57 | Build | House |
| 20:00 | Create | Villager (Male) |
| 20:07 | Build | Town Center |
| 20:30 | Build | Farm |
| 20:36 | Build | Farm |
| 20:36 | Build | Farm |
| 20:37 | Build | Farm |
| 20:39 | Build | Farm |
| 21:20 | Create | Villager (Male) |
| 21:30 | Build | Lumber Camp |
| 21:34 | Create | Villager (Male) |
| 21:38 | Create | Battering Ram |
| 21:45 | Create | Battering Ram |
| 22:08 | Build | Farm |
| 22:10 | Build | Farm |
| 22:14 | Create | Villager (Male) |
| 22:16 | Create | Villager (Male) |
| 22:58 | Build | Farm |
| 22:59 | Build | Farm |
| 23:11 | Create | Scorpion |
| 23:11 | Create | Scorpion |
| 24:49 | Build | Castle |
| 25:09 | Create | Battering Ram |
| 25:12 | Research | Gold Mining |
| 25:33 | Create | Villager (Male) |
| 25:33 | Create | Villager (Male) |
| 25:37 | Build | University |
| 26:03 | Build | Palisade Gate |
| 27:45 | Create | Villager (Male) |
| 27:48 | Research | Treadmill Crane |
| 27:51 | Research | Murder Holes |
| 27:52 | Research | Ballistics |
| 27:53 | Research | Fletching |
| 27:54 | Research | Fletching |
| 27:55 | Create | Villager (Male) |
| 28:28 | Build | Farm |
| 28:48 | Build | Lumber Camp |
| 29:05 | Build | Siege Workshop |
| 29:11 | Research | Wheelbarrow |
| 29:11 | Research | Town Watch |
| 29:13 | Create | Villager (Male) |
| 29:15 | Create | Villager (Male) |
| 29:16 | Create | Villager (Male) |
| 29:29 | Research | Bow Saw |
| 29:30 | Create | Villager (Male) |
| 29:34 | Create | Villager (Male) |
| 30:12 | Create | Villager (Male) |
| 30:13 | Create | Villager (Male) |
| 30:19 | Create | Battering Ram |
| 30:28 | Create | Villager (Male) |
| 30:34 | Create | Villager (Male) |
| 31:07 | Build | Palisade Gate |
| 31:13 | Build | Farm |
| 31:15 | Create | Villager (Male) |
| 31:26 | Create | Villager (Male) |
| 31:29 | Build | Farm |
| 31:55 | Build | Outpost |
| 32:02 | Build | Farm |
| 32:12 | Create | Woad Raider ×5 |
| 32:14 | Create | Woad Raider |
| 32:17 | Research | Forging |
| 32:17 | Research | Scale Mail Armor |
| 32:21 | Build | Farm |
| 32:41 | Build | Farm |
| 32:42 | Create | Villager (Male) |
| 33:17 | Build | Farm |
| 33:18 | Create | Villager (Male) |
| 33:21 | Create | Villager (Male) |
| 33:35 | Create | Woad Raider |
| 33:35 | Create | Woad Raider |
| 33:35 | Create | Woad Raider |
| 33:35 | Create | Woad Raider |
| 33:42 | Research | Arson |
| 33:48 | Build | Monastery |
| 34:01 | Build | Farm |
| 34:06 | Create | Battering Ram |
| 34:06 | Create | Battering Ram |
| 34:20 | Research | Devotion |
| 34:26 | Create | Villager (Male) |
| 34:27 | Create | Villager (Male) |
| 34:27 | Create | Villager (Male) |
| 34:29 | Create | Villager (Male) |
| 34:29 | Create | Villager (Male) |
| 34:48 | Create | Woad Raider |
| 34:53 | Research | Chain Mail Armor |
| 35:32 | Create | Battering Ram |
| 35:34 | Create | Woad Raider |
| 35:34 | Create | Woad Raider |
| 35:38 | Create | Villager (Male) |
| 36:05 | Build | Lumber Camp |
| 36:25 | Create | Woad Raider |
| 36:39 | Create | Woad Raider |
| 36:42 | Build | Farm |
| 37:16 | Create | Battering Ram |
Build order — ertunç (Kingpin)
95 actions detected in the replay
| 0:03 | Build | House |
| 0:04 | Build | House |
| 0:09 | Research | Loom |
| 0:09 | Create | Villager (Male) ×4 |
| 2:39 | Create | Villager (Male) |
| 2:59 | Create | Villager (Male) |
| 2:59 | Create | Villager (Male) |
| 3:32 | Create | Villager (Male) |
| 3:33 | Create | Villager (Male) |
| 3:43 | Build | Mill |
| 4:04 | Create | Villager (Male) |
| 4:05 | Create | Villager (Male) |
| 4:28 | Create | Villager (Male) |
| 4:28 | Create | Villager (Male) |
| 5:15 | Create | Villager (Male) |
| 5:16 | Create | Villager (Male) |
| 5:16 | Create | Villager (Male) |
| 5:31 | Build | House |
| 5:33 | Build | House |
| 6:00 | Create | Villager (Male) |
| 6:01 | Create | Villager (Male) |
| 6:02 | Create | Villager (Male) |
| 7:59 | Create | Villager (Male) |
| 7:59 | Create | Villager (Male) |
| 7:59 | Create | Villager (Male) |
| 7:59 | Create | Villager (Male) |
| 9:06 | Build | Lumber Camp |
| 10:42 | Create | Villager (Male) |
| 10:42 | Create | Villager (Male) |
| 10:42 | Create | Villager (Male) |
| 11:36 | Create | Villager (Male) |
| 11:37 | Create | Villager (Male) |
| 11:37 | Create | Villager (Male) |
| 11:37 | Create | Villager (Male) |
| 12:37 | Create | Villager (Male) |
| 12:37 | Create | Villager (Male) |
| 12:38 | Create | Villager (Male) |
| 13:53 | Create | Villager (Male) |
| 14:57 | Research | Feudal Age |
| 15:11 | Build | Mining Camp |
| 15:32 | Build | House |
| 15:34 | Build | House |
| 15:36 | Build | House |
| 16:29 | Create | Villager (Male) |
| 16:29 | Create | Villager (Male) |
| 16:29 | Create | Villager (Male) |
| 16:57 | Build | House |
| 17:07 | Age | Feudal Age |
| 17:18 | Build | Watch Tower |
| 17:22 | Create | Villager (Male) |
| 17:23 | Create | Villager (Male) |
| 17:44 | Build | Blacksmith |
| 18:19 | Build | Watch Tower |
| 18:33 | Create | Villager (Male) |
| 18:33 | Create | Villager (Male) |
| 18:58 | Research | Fletching |
| 19:12 | Build | Market |
| 20:11 | Create | Villager (Male) |
| 20:11 | Create | Villager (Male) |
| 20:12 | Create | Villager (Male) |
| 20:12 | Create | Villager (Male) |
| 20:35 | Create | Villager (Male) |
| 20:35 | Create | Villager (Male) |
| 22:01 | Build | Farm |
| 22:01 | Build | Farm |
| 22:03 | Build | Farm |
| 22:03 | Build | Farm |
| 22:03 | Build | Farm |
| 22:04 | Build | Farm |
| 22:06 | Build | Farm |
| 22:52 | Build | Farm |
| 23:05 | Create | Villager (Male) |
| 24:00 | Build | Watch Tower |
| 24:44 | Build | Watch Tower |
| 30:25 | Research | Castle Age |
| 31:40 | Build | Barracks |
| 32:16 | Build | Mining Camp |
| 32:37 | Create | Villager (Male) |
| 32:37 | Create | Villager (Male) |
| 32:37 | Create | Villager (Male) |
| 33:05 | Age | Castle Age |
| 33:25 | Create | Villager (Male) |
| 33:26 | Create | Villager (Male) |
| 33:39 | Research | Bodkin Arrow |
| 34:52 | Build | Castle |
| 37:01 | Build | University |
| 38:05 | Build | Town Center |
| 39:07 | Build | Farm |
| 39:08 | Build | Farm |
| 39:08 | Build | Farm |
| 39:09 | Build | Farm |
| 39:09 | Build | Farm |
| 39:10 | Build | Farm |
| 39:11 | Build | Farm |
| 41:38 | Research | Murder Holes |
Match timeline
| 6:14 | Rainbow Pirate · wall_segment Palisade Wall x1 |
| 8:31 | GreenHydra · first_building Barracks |
| 9:15 | ramis7_7 · first_building Barracks |
| 10:10 | Ivar the Boneless · first_building Barracks |
| 10:24 | GreenHydra · age_up feudal |
| 10:44 | TheHatefulN8 · first_building Barracks |
| 11:41 | lillithadam20 · age_up feudal |
| 11:58 | Rainbow Pirate · first_building Barracks |
| 12:01 | ramis7_7 · age_up feudal |
| 12:01 | Ivar the Boneless · age_up feudal |
| 12:15 | ramis7_7 · first_building Archery Range |
| 12:32 | Ivar the Boneless · first_building Stable |
| 12:33 | lillithadam20 · first_market_sell 100 stone |
| 13:07 | tikymax · first_building Barracks |
| 14:13 | TheHatefulN8 · age_up feudal |
| 14:17 | TheHatefulN8 · first_building Archery Range |
| 14:25 | TheHatefulN8 · first_building Stable |
| 14:44 | tikymax · first_building Siege Workshop |
| 15:15 | lillithadam20 · age_up castle |
| 15:23 | lillithadam20 · first_building Monastery |
| 17:07 | ertunç (Kingpin) · age_up feudal |
| 17:26 | Rainbow Pirate · age_up feudal |
| 17:38 | Ivar the Boneless · age_up castle |
| 18:26 | ramis7_7 · age_up castle |
| 18:48 | ramis7_7 · first_building Monastery |
| 18:57 | TheHatefulN8 · age_up castle |
| 19:02 | TheHatefulN8 · first_building Castle |
| 19:18 | ramis7_7 · wall_segment Palisade Wall x3 |
| 19:21 | ramis7_7 · wall_segment Palisade Wall x1 |
| 19:34 | Ivar the Boneless · first_building Siege Workshop |
| 20:01 | TheHatefulN8 · first_market_buy 100 stone |
| 20:13 | ramis7_7 · first_building Castle |
| 20:22 | Rainbow Pirate · first_building Archery Range |
| 20:47 | lillithadam20 · first_market_buy 100 stone |
| 21:22 | lillithadam20 · first_building Barracks |
| 22:51 | ramis7_7 · first_building Siege Workshop |
| 22:54 | tikymax · tribute_sent a jugador 1 |
| 22:54 | tikymax · tribute_sent a jugador 2 |
| 22:54 | tikymax · tribute_sent a jugador 3 |
| 22:54 | tikymax · tribute_sent a jugador 4 |
| 22:54 | tikymax · tribute_sent a jugador 5 |
| 22:54 | tikymax · tribute_sent a jugador 7 |
| 22:54 | tikymax · tribute_sent a jugador 8 |
| 23:31 | GreenHydra · age_up castle |
| 24:49 | tikymax · first_building Castle |
| 25:13 | GreenHydra · first_building Castle |
| 26:37 | ramis7_7 · first_building Stable |
| 27:18 | Ivar the Boneless · first_building Archery Range |
| 31:40 | ertunç (Kingpin) · first_building Barracks |
| 33:05 | ertunç (Kingpin) · age_up castle |
| 33:44 | Rainbow Pirate · first_market_buy 100 food |
| 33:48 | tikymax · first_building Monastery |
| 33:50 | TheHatefulN8 · first_building Monastery |
| 34:52 | ertunç (Kingpin) · first_building Castle |
| 36:47 | GreenHydra · age_up imperial |
| 37:32 | lillithadam20 · first_building Stable |
| 37:35 | Rainbow Pirate · age_up castle |
| 38:02 | Rainbow Pirate · first_building Siege Workshop |
| 39:37 | lillithadam20 · age_up imperial |
| 39:44 | lillithadam20 · first_building Castle |
| 41:05 | tikymax · resign |
| 41:07 | lillithadam20 · wall_segment Stone Wall x1 |
| 41:11 | lillithadam20 · wall_segment Palisade Wall x1 |
| 41:12 | lillithadam20 · wall_segment Palisade Wall x1 |
| 41:19 | TheHatefulN8 · tribute_sent a jugador 1 |
| 41:19 | TheHatefulN8 · tribute_sent a jugador 3 |
| 41:19 | TheHatefulN8 · tribute_sent a jugador 4 |
| 41:19 | TheHatefulN8 · tribute_sent a jugador 5 |
| 41:19 | TheHatefulN8 · tribute_sent a jugador 6 |
| 41:19 | TheHatefulN8 · tribute_sent a jugador 7 |
| 41:19 | TheHatefulN8 · tribute_sent a jugador 8 |
| 41:41 | Ivar the Boneless · first_building Monastery |
| 41:46 | ramis7_7 · age_up imperial |
| 43:37 | TheHatefulN8 · age_up imperial |
| 46:55 | ramis7_7 · first_market_sell 500 food |
| 48:07 | lillithadam20 · first_building Archery Range |
[ AI ANALYSIS · 1 CREDIT ]
What really happened in this match?
Wolo.gg analyzes every decision: build order, eco, micro, common mistakes by bracket. Personalized analysis on WhatsApp or Discord in 30 seconds.
Civ guide
Koreans
Map guide
MegaRandom
Perfil
Jugador #4306126